 Dungeon Crawl Stone Soup version 0.27.1-33-g824d729ab1 (webtiles) character file.

Game seed: 3387858719561048461

126 lordive the Shooter (level 4, -4/38 HPs)
             Began as a Minotaur Hunter on Dec 27, 2021.
             Killed by divine providence
             ... invoked by an orc priest
              (8 damage)
             ... on level 3 of the Dungeon.
             The game lasted 00:04:24 (2239 turns).

lordive the Shooter (Minotaur Hunter)               Turns: 2239, Time: 00:04:25

Health: -4/38      AC:  5    Str: 15 (17) XL:     4   Next: 84%
Magic:  3/3        EV: 11    Int:  6 (8)  God:
Gold:   99         SH:  0    Dex: 10 (11) Spells: 3/3 levels left

rFire    . . .     SeeInvis .   b - +0 short sword
rCold    . . .     Faith    .   (no shield)
rNeg     . . .     Spirit   .   e - +0 ring mail
rPois    .         Reflect  .   (helmet restricted)
rElec    .         Harm     .   (no cloak)
rCorr    .         Rampage  .   (no gloves)
Will     .....                  (no boots)
Stlth    +.........             (no amulet)
HPRegen  0.12/turn              (no ring)
MPRegen  0.08/turn              (no ring)

@: no status effects
A: horns 2, retaliatory headbutt
a: no special abilities


You were on level 3 of the Dungeon.
You visited 1 branch of the dungeon, and saw 3 of its levels.

You collected 99 gold pieces.

Inventory:

Hand Weapons
 a - a +1 shortbow
 b - a +0 short sword (weapon)
 c - a +1 dagger of venom
Missiles
 d - 30 arrows
Armour
 e - a +0 ring mail (worn)
 h - a +0 buckler
Scrolls
 f - 2 scrolls of identify {unknown}
 g - a scroll of summoning {unknown}
 j - a scroll of blinking {unknown}
 k - a scroll of noise {unknown}
 o - a scroll of teleportation {unknown}
Potions
 i - 2 potions of curing
 l - a potion of haste
 m - a potion of might {unknown}
 n - a potion of lignification {unknown}


   Skills:
 + Level 3.5 Fighting
 + Level 5.9 Bows
 + Level 2.1 Armour
 + Level 2.3 Dodging
 + Level 0.8 Stealth


You had 3 spell levels left.
You didn't know any spells.
Your spell library was empty.

Dungeon Overview and Level Annotations

Branches:
Dungeon (3/15)

Altars:
Qazlal

Shops:
D:1 (


Innate Abilities, Weirdness & Mutations

You have a pair of horns on your head.
You reflexively headbutt those who attack you in melee.


Message History

The orc priest looks encouraged for a moment.
The orc priest closely misses you.
You barely miss the orc priest. Your headbutt misses the orc priest.
The orc priest hits you but does no damage.
You hit the orc priest.
The orc priest is moderately wounded.
The orc priest hits you with a +0 whip.
You hit the orc priest but do no damage.
The orc priest is moderately wounded.
The orc priest hits you but does no damage.
You completely miss the orc priest.
The orc priest is moderately wounded.
The orc priest calls down the wrath of Beogh upon you.
Beogh smites you!
You hit the orc priest but do no damage.
Your headbutt misses the orc priest.
The orc priest is moderately wounded.
The orc priest closely misses you.
You hit the orc priest. Your headbutt misses the orc priest.
The orc priest is moderately wounded.
The orc priest invokes the aid of Beogh against you.
You barely resist. You hit the orc priest. You headbutt the orc priest.
The orc priest is severely wounded.
The orc priest barely misses you.
You closely miss the orc priest. Your headbutt misses the orc priest.
The orc priest is severely wounded.
The orc priest looks encouraged for a moment.
You hit the orc priest.
The orc priest is severely wounded.
The orc priest hits you with a +0 whip.
You hit the orc priest but do no damage.
Your headbutt misses the orc priest.
The orc priest is severely wounded.
The orc priest calls down the wrath of Beogh upon you.
Beogh smites you!
* * * LOW HITPOINT WARNING * * *
The orc priest invokes the aid of Beogh against you.
Beogh smites you!
You die...

#+# #####.######
#..........# ###
########..........# ...
#.....##..........#
.#.##.###.##..........#
........#.##....o.....#
....#.#.#.# #o#
....#.#.#.# #@#
###.#.#.#.######.#
#.#.#.#.#(.....#
#.#.#.#.......##
###.#.#.###.#####
..#.#.#.....# #.#.#
####### ....#....
.....##


You could see an orc priest and an orc.

Vanquished Creatures
  Robin (D:3)
  3 adders
  2 worms (D:2)
  An orc (D:3)
  2 ball pythons (D:2)
  2 bats
  4 endoplasms
  3 giant cockroaches
  21 goblins
  6 hobgoblins
  10 jackals
  4 kobolds
  3 quokkas
  5 frilled lizards
  5 rats
72 creatures vanquished.

Notes
Turn   | Place    | Note
-------+----------+-------------------------------------------
     0 | D:1      | lordive the Minotaur Hunter began the quest for the Orb.
     0 | D:1      | Reached XP level 1. HP: 18/18 MP: 0/0
   156 | D:1      | Reached XP level 2. HP: 25/25 MP: 1/1
   249 | D:1      | Reached skill level 5 in Bows
   270 | D:1      | Found Cebiynat's Weapon Shop.
   312 | D:1      | Reached XP level 3. HP: 30/30 MP: 2/2
  1581 | D:3      | Reached XP level 4. HP: 38/38 MP: 3/3
  1722 | D:3      | Reached skill level 1 in Armour
  1760 | D:3      | Noticed Robin
  1772 | D:3      | Killed Robin
  2166 | D:3      | Found a stormy altar of Qazlal.
  2239 | D:3      | Killed from afar by an orc priest

Illustrated notes

Levels and vault maps discovered:
D:1:      wheals_arrival_linesprint, layout_basic, serial_shops, shop
D:2:      layout_basic
D:3:      kennysheep_goblin_castle, layout_basic,
          nicolae_qazlal_scattered_showers, uniq_terence, uniq_sigmund

Skill      XL: |  1  2  3  4 |
---------------+-------------+-----
Bows           | 5 |  5.9
Fighting       | 3 |  3.5
Armour         | 2 |  2.1
Dodging        | |  2.3
Stealth        | |  0.8

Action                   |  1- 3 |  4- 6 || total
-------------------------+-------+-------++-------
Melee: Short sword       |    52 |    75 ||   127
       Headbutt          |    11 |     9 ||    20
 Fire: Shortbow          |    63 |       ||    63
  Use: Potion            |       |     4 ||     4
Armor: Leather armour    |     1 |       ||     1
       Ring mail         |    20 |    25 ||    45
Dodge: Dodged            |    38 |    51 ||    89
